 Dungeon Crawl Stone Soup version 0.28-a0-984-g3775c662fe (webtiles) character file.

Game seed: 8803926383794536723

42 fragbeetle the Ruffian (level 3, 0/28 HPs)
             Began as a Draconian Transmuter on Dec 4, 2021.
             Slain by Natasha (7 damage)
             ... on level 2 of the Dungeon.
             The game lasted 00:03:01 (739 turns).

fragbeetle the Ruffian (Draconian Transmuter)        Turns: 739, Time: 00:03:02

Health: 0/28       AC:  5    Str: 14    XL:     3   Next: 35%
Magic:  6/6        EV: 12    Int: 13    God:
Gold:   10         SH:  0    Dex: 11    Spells: 5/6 levels left

rFire   . . .      SeeInvis .     - Unarmed
rCold   . . .      Faith    .   (no shield)
rNeg    . . .      Spirit   .   (armour unavailable)
rPois   .          Reflect  .   (helmet restricted)
rElec   .          Harm     .   (no cloak)
rCorr   .          Rampage  .   (no gloves)
Will    .....                   (no boots)
Stlth   +.........              (no amulet)
HPRegen 0.09/turn               (no ring)
MPRegen 0.10/turn               (no ring)

@: slowed, very slow
A: AC +5, unfitting armour, cold-blooded
a: no special abilities


You were on level 2 of the Dungeon.
You visited 1 branch of the dungeon, and saw 2 of its levels.

You collected 10 gold pieces.

Inventory:

Scrolls
 a - 2 scrolls of identify {unknown}
 b - a scroll of teleportation {unknown}
 c - a scroll of brand weapon {unknown}
 d - a scroll of summoning {unknown}
Potions
 e - a potion of might {unknown}
 f - a potion of curing {unknown}


   Skills:
 + Level 1.1 Fighting
 + Level 2.2 Dodging
 + Level 3.6 Unarmed Combat
 + Level 2.4 Spellcasting
 + Level 2.2 Transmutations


You had 5 spell levels left.
You knew the following spells:

 Your Spells              Type           Power      Damage    Failure   Level
a - Beastly Appendage     Tmut           14%        N/A       10%         1

Your spell library contained the following spells:

 Spells                   Type           Power      Damage    Failure   Level
 Wereblood                Tmut           7%         N/A       14%         2
 Spider Form              Tmut/Pois      4%         N/A       41%         3
 Summon Guardian Golem    Hex/Summ       1%         N/A       58%         3
 Ice Form                 Ice/Tmut       4%         N/A       83%         4
 Summon Ice Beast         Ice/Summ       1%         N/A       94%         4
 Summon Mana Viper        Hex/Summ       1%         N/A       100%        5
 Monstrous Menagerie      Summ           0%         N/A       100%        7
 Orb of Destruction       Conj           0%         N/A       100%        7
 Spellforged Servitor     Conj/Summ      0%         N/A       100%        7


Dungeon Overview and Level Annotations

Branches:
Dungeon (2/15)

Altars:

Annotations:
D:2 Natasha


Innate Abilities, Weirdness & Mutations

Your plain brown scales are hard. (AC +5)
You cannot fit into any form of body armour.
You are cold-blooded and may be slowed by cold attacks.


Message History

A hobgoblin comes into view.
Your horns disappear.
Your talons disappear.
The hobgoblin moves out of view.
You barely miss Natasha. Natasha barely misses you.
You closely miss Natasha. Natasha barely misses you.
You closely miss Natasha. Natasha closely misses you.
Casting: Beastly Appendage (safe; 10% risk of failure)
Confirm with . or Enter, or press ? or * to list all spells.
You grow a pair of large bovine horns.
Your feet morph into talons.
The hobgoblin hits you but does no damage.
Natasha casts a spell.
You hit the hobgoblin but do no damage. The hobgoblin closely misses you.
Natasha claws you!
You hit the hobgoblin but do no damage. Your headbutt misses the hobgoblin.
You tail-slap the hobgoblin.
The hobgoblin is moderately wounded.
The hobgoblin closely misses you. Natasha casts a spell at you.
You resist with significant effort.
You hit the hobgoblin.
You kill the hobgoblin!
Natasha claws you but does no damage.
Your transformation is almost over.
Natasha closely misses you.
Natasha stares at you and mumbles some strange words.
You resist with significant effort.
Your horns disappear.
Your talons disappear.
Natasha claws you.
Natasha howls an incantation.
You feel troubled. Natasha claws you.
* * * LOW HITPOINT WARNING * * *
The white imp disappears in a puff of smoke!
Natasha casts a spell at you.
You feel yourself slow down.
Items here: ( )) †.
Found 10 gold pieces.
Natasha casts a spell.
Natasha claws you!
You die...

#..###.### .#
#..###.### .
#........# #
##########.##..#.# #
#........†........ #
#.########)##.##.# #
#.# #.##.##.### ####
#.#
######5..........#...
#.# #$..@h....##.#
##.... ##.#
#.####.#### #.....
#..# # #... ........
# #.## .## #####
.##.....
###.####.###...##..
##....
.........##.....#.
##...
##.............. ##.#
######.##..... #. #(#
...# #.


You could see Natasha and a crimson imp (summoned).

Vanquished Creatures
  An adder (D:2)
  A dart slug (D:1)
  7 endoplasms
  2 giant cockroaches (D:1)
  2 goblins
  3 hobgoblins
  3 jackals (D:1)
  2 bats
  6 kobolds
  A rat (D:2)
28 creatures vanquished.

Notes
Turn   | Place    | Note
-------+----------+-------------------------------------------
     0 | D:1      | fragbeetle the Draconian Transmuter began the quest for the
                  | Orb.
     0 | D:1      | Reached XP level 1. HP: 16/16 MP: 3/3
   101 | D:1      | Reached XP level 2. HP: 20/23 MP: 1/5
   111 | D:1      | Found a faded altar of an unknown god.
   671 | D:2      | Reached XP level 3. HP: 22/28 MP: 4/6
   705 | D:2      | Noticed Natasha
   739 | D:2      | Slain by Natasha

Illustrated notes

Levels and vault maps discovered:
D:1:      lightli_arrival_noodles, layout_basic, basic_ecumenical_altar
D:2:      layout_loops_ring, uniq_natasha, uniq_jessica

Skill      XL: |  1  2 |
---------------+-------+-----
Dodging        | 2 |  2.2
Fighting       | |  1.1
Unarmed Combat | |  3.6
Spellcasting   | |  2.4
Transmutations | |  2.2

Action                   || total
-------------------------++-------
Melee: Unarmed           ||    72
       Kick              ||    11
       Headbutt          ||     9
       Tailslap          ||     5
 Cast: Beastly Appendage ||    18
Armor: Skin              ||    21
Dodge: Dodged            ||    49

Table legend: (Time is in decaauts)
 A = Elapsed time spent in this place.
 B = Non-inter-level travel time spent in this place.
 C = Inter-level travel time spent in this place.
 D = Time resting spent in this place.
 E = Time spent auto-exploring this place.
 F = Levels seen in this place.
 G = Mean time per level.
                   A        B        C        D        E       F      G
               +--------+--------+--------+--------+--------+-----+--------+
         Total |    741 |    741 |      0 |      0 |    360 |   2 |  370.5 |
       Dungeon |    741 |    741 |      0 |      0 |    360 |   2 |  370.5 |
               +--------+--------+--------+--------+--------+-----+--------+

Top non-repeatable levels by time:
     D:1: 587 daAuts
     D:2: 153 daAuts
